 Dungeon Crawl Stone Soup version 0.31-a0-795-g5eb97db20b (webtiles) character file.

Game seed: 5993994295202421873

550 javelincjr the Magician (level 7, -1/69 HPs)
             Began as a Demonspawn Hedge Wizard on Sept 18, 2023.
             Succumbed to a killer bee's poison
             ... on level 5 of the Dungeon.
             The game lasted 00:17:15 (3794 turns).

javelincjr the Magician (Demonspawn Hedge Wizard)   Turns: 3794, Time: 00:17:16

Health: -1/69      AC: 10    Str: 11    XL:     7   Next: 7%
Magic:  20/22      EV: 12    Int: 25    God:
Gold:   220        SH:  0    Dex: 15    Spells: 9/14 levels left

rFire   . . .        u - +7 whip "Pyxery" {heavy, Fragile Int+4}
rCold   x . .        (no shield)
rNeg    . . .        n - +2 leather armour of the Morning Star {rC- rCorr Int+4 Dex+3}
rPois   .            c - +0 hat
rElec   .            (no cloak)
rCorr   +            (no gloves)
SInv    .            l - +1 pair of boots
Will    .....        (no amulet) Stlth
                     m - ring of magical power
HPRegen 0.31/turn    (no ring)
MPRegen 0.18/turn

%: no passive effects
@: mighty, berserking, lethally poisoned (-1 -> -13), very quick
A: molten scales 2
a: no special abilities


You were on level 5 of the Dungeon.
You visited 1 branch of the dungeon, and saw 7 of its levels.

You collected 220 gold pieces.

Inventory:

Hand Weapons
 a - a +0 dagger
 u - the +7 whip "Pyxery" (weapon) {heavy, Fragile Int+4}
   (You found it on level 3 of the Dungeon)

   Int+4:     It affects your intelligence (+4).
   Fragile:   It will be destroyed if unequipped.
Missiles
 v - 4 curare-tipped darts
Armour
 b - a +0 robe
 c - a +0 hat (worn)
 f - a +0 helmet
 l - a +1 pair of boots (worn)
 n - the +2 leather armour of the Morning Star (worn) {rC- rCorr Int+4 Dex+3}
   (You found it on level 2 of the Dungeon)

   Int+4:     It affects your intelligence (+4).
   Dex+3:     It affects your dexterity (+3).
   rC-:       It makes you vulnerable to cold.
   rCorr:     It protects you from acid and corrosion.
Jewellery
 m - a ring of magical power (left hand)
Scrolls
 h - a scroll of brand weapon {unknown}
 i - a scroll of blinking {unknown}
 j - a scroll of summoning {unknown}
 k - 3 scrolls of identify {unknown}
 o - a scroll of silence {unknown}
 q - a scroll of fog {unknown}
 r - a scroll of vulnerability {unknown}
 w - a scroll of enchant armour {unknown}
 y - a scroll of poison {unknown}
 A - a scroll of enchant weapon {unknown}
Potions
 d - a potion of magic
 p - a potion of enlightenment {unknown}
 s - 2 potions of heal wounds {unknown}
 t - 2 potions of haste {unknown}
 x - a potion of brilliance {unknown}
 z - 2 potions of curing {unknown}
 B - a potion of attraction {unknown}


   Skills:
 + Level 1.7 Armour
 + Level 3.0 Dodging
 + Level 3.2 Stealth
 * Level 4.4 Spellcasting
 + Level 2.7 Conjurations
 + Level 2.6 Summonings
 + Level 2.5 Translocations


You had 9 spell levels left.
You knew the following spells:

 Your Spells              Type           Power      Damage    Failure   Level
a - Magic Dart            Conj           76%        1d6       3%          1
b - Call Imp              Summ           36%        N/A       6%          2
c - Blink                 Tloc           36%        N/A       6%          2

Your spell library contained the following spells:

 Spells                   Type           Power      Damage    Failure   Level
 Summon Small Mammal      Summ           72%        N/A       3%          1
 Apportation              Tloc           36%        N/A       4%          1
 Lesser Beckoning         Tloc           36%        N/A       6%          2
 Momentum Strike          Conj/Tloc      36%        3d9       6%          2
 Necrotise                Necr           20%        1d5       12%         1
 Slow                     Hex            20%        N/A       12%         1
 Gell's Gravitas          Tloc           18%        N/A       12%         3
 Teleport Other           Tloc           18%        N/A       12%         3
 Cigotuvi's Dreadful Rot  Necr/Pois/Air  10%        N/A       17%         2
 Mephitic Cloud           Conj/Pois/Air  10%        N/A       24%         3
 Vampiric Draining        Necr           5%         2d6       34%         3
 Agony                    Necr           5%         N/A       97%         5
 Dispersal                Tloc           9%         N/A       99%         6
 Malign Gateway           Summ/Tloc      9%         N/A       100%        7
 Summon Horrible Things   Summ           9%         N/A       100%        8


Dungeon Overview and Level Annotations

Branches:
Dungeon (7/15)
 Temple: D:4-7

Altars:
Dithmenos
Gozag
Kikubaaqudgha
Ru

Annotations:
D:7 2 transporters


Innate Abilities, Weirdness & Mutations

You are mostly covered in molten scales. (AC +3)


Message History

The killer bee stings you but does no damage.
The killer bee barely misses you. The killer bee stings you!
The killer bee misses you. The killer bee stings you. x2
* * * LOW HITPOINT WARNING * * *
You are poisoned.
The killer bee poisons you!
Your cerulean imp hits the killer bee but does no damage.
It was a potion of might.
You feel very mighty all of a sudden.
You feel sick. The killer bee stings you.
* * * LOW HITPOINT WARNING * * *
You are lethally poisoned!
The killer bee poisons you! The killer bee barely misses you.
The killer bee closely misses you. The killer bee stings you.
* * * LOW HITPOINT WARNING * * *
You are more poisoned.
The killer bee poisons you!
Your cerulean imp hits the killer bee from afar with a -3 spear.
It was a potion of berserk rage.
A red film seems to cover your vision as you go berserk!
You feel yourself moving faster!
You feel mighty!
* * * LOW HITPOINT WARNING * * *
You feel very sick. The killer bee closely misses you. x2
The killer bee stings you but does no damage.
The killer bee closely misses you.
Your cerulean imp misses the killer bee.
You are too berserk!
You are too berserk!
You whack the killer bee!
You kill the killer bee!
* * * LOW HITPOINT WARNING * * *
You feel very sick. The killer bee closely misses you. x2
Your cerulean imp completely misses the killer bee.
Your Dodging skill increases to level 3!
You have reached level 7!
You barely miss the killer bee.
The killer bee is lightly wounded.
You die...

##. ...
.. ... ..
#.. .##
#.. .. ..
#.#5
####.#y.#
......†@#
..#.##.##
#. .. #..
###


You could see a killer bee (ally target) and a friendly cerulean imp (summoned).

Vanquished Creatures
  A sky beast (D:7)
  A bullfrog (D:7)
  A killer bee (D:5)
  An orc priest (D:3)
  A hound (D:4)
  A sleepcap (D:6)
  An orc wizard (D:3)
  7 adders
  A shadow imp (D:4)
  A worm (D:3)
  2 dart slugs
  6 orcs
  7 ball pythons
  6 bats
  12 endoplasms
  4 giant cockroaches
  6 goblins
  8 hobgoblins
  4 jackals (D:2)
  3 quokkas
  5 kobolds
  6 rats
85 creatures vanquished.

Vanquished Creatures (collateral kills)
  A phantom (D:6)
1 creature vanquished.

Grand Total: 86 creatures vanquished

Notes
Turn   | Place    | Note
-------+----------+-------------------------------------------
     0 | D:1      | javelincjr the Demonspawn Hedge Wizard began the quest for
                  | the Orb.
     0 | D:1      | Reached XP level 1. HP: 13/13 MP: 4/4
    89 | D:1      | Reached skill level 1 in Translocations
   224 | D:1      | Gained mutation: You are partially covered in molten
                  | scales. (AC +2) [demonic ancestry]
   224 | D:1      | Reached XP level 2. HP: 16/19 MP: 0/6
   991 | D:1      | Gained mutation: You are mostly covered in molten scales.
                  | (AC +3) [demonic ancestry]
   991 | D:1      | Reached XP level 3. HP: 24/24 MP: 1/7
  1951 | D:2      | Reached XP level 4. HP: 15/30 MP: 8/8
  1956 | D:2      | Identified the +2 leather armour of the Morning Star {rC-
                  | rCorr Int+4 Dex+3}
  2119 | D:2      | Found a shadowy altar of Dithmenos.
  2125 | D:2      | Found a faded altar of an unknown god.
  2811 | D:3      | Identified the +7 whip "Pyxery" {heavy, Fragile Int+4}
  2982 | D:3      | Reached XP level 5. HP: 35/35 MP: 10/10
  3291 | D:4      | Reached skill level 1 in Armour
  3372 | D:4      | You fall into a shaft and drop 3 floors!
  3391 | D:7      | Noticed a sky beast
  3400 | D:7      | Killed a sky beast
  3401 | D:7      | Reached skill level 4 in Spellcasting
  3401 | D:7      | Reached XP level 6. HP: 41/41 MP: 12/12
  3434 | D:7      | Found a sacrificial altar of Ru.
  3441 | D:7      | Found a transporter.
  3444 | D:7      | Found a transporter.
  3444 | D:7      | Found an ancient bone altar of Kikubaaqudgha.
  3464 | D:7      | Noticed a steam dragon
  3543 | D:6      | Learned a level 2 spell: Call Imp
  3546 | D:6      | Learned a level 2 spell: Blink
  3632 | D:6      | Found an opulent altar of Gozag.
  3788 | D:5      | Entered Level 5 of the Dungeon
  3793 | D:5      | HP: 2/61 [poisoned by a killer bee]
  3794 | D:5      | Reached XP level 7. HP: 2/46 MP: 13/13
  3794 | D:5      | Succumbed to a killer bee's poison

Illustrated notes

Levels and vault maps discovered:
D:1:      tarquinn_simple_flora_water_d, layout_basic
D:2:      layout_basic, ebering_ecumenical_altar_abandoned, basic_altar
D:3:      layout_rooms
D:4:      layout_cave_pools, nicolae_overflow_hidden_temple,
          mainiacjoe_overflow_cross_hatched, minmay_temple_entry_tees,
          minmay_circle_x
D:5:      layout_cave_pools, zin_angel, enter_ossuary_2, serial_shops,
          nicolae_shop_hallway_stairs
D:6:      minmay_evil_eye, layout_basic, slow_altar_1,
          mainiacjoe_overflow_24_doors, kennysheep_mini_moat,
          nicolae_lava_and_water, kennysheep_nondescript
D:7:      layout_loops_corners, nicolae_ru_awakened_eye,
          mainiacjoe_overflow_six_doors_small, gammafunk_temple_of_torment,
          serial_shops, nicolae_lakefront_shop, kennysheep_generic_room_13

Skill      XL: |  1  2  3  4  5  6 |
---------------+-------------------+-----
Translocations | 1 2 |  2.5
Stealth        | 2 3 |  3.2
Dodging        | 2 3 |  3.0
Conjurations   | 2 |  2.7
Summonings     | 2 |  2.6
Armour         | 1 |  1.7
Spellcasting   | 4 |  4.4

Action                     |  1- 3 |  4- 6 |  7- 9 || total
---------------------------+-------+-------+-------++-------
  Melee: Dagger            |    63 |    23 |       ||    86
         Punch             |     1 |     1 |       ||     2
         Whip              |       |    39 |     1 ||    40
   Cast: Magic Dart        |    90 |    90 |       ||   180
         Call Imp          |       |     2 |       ||     2
    Use: Potion            |       |     2 |       ||     2
 Armour: Robe              |    57 |       |       ||    57
         Leather armour    |       |    73 |       ||    73
  Dodge: Dodged            |    71 |    65 |       ||   136

Table legend: (Time is in decaauts)
 A = Elapsed time spent in this place.
 B = Non-inter-level travel time spent in this place.
 C = Inter-level travel time spent in this place.
 D = Time resting spent in this place.
 E = Time spent auto-exploring this place.
 F = Levels seen in this place.
 G = Mean time per level.
                   A        B        C        D        E       F      G
               +--------+--------+--------+--------+--------+-----+--------+
         Total |   3818 |   3793 |     25 |     29 |   2898 |   7 |  545.4 |
       Dungeon |   3818 |   3793 |     25 |     29 |   2898 |   7 |  545.4 |
               +--------+--------+--------+--------+--------+-----+--------+

Top non-repeatable levels by time:
     D:1: 1513 daAuts
     D:2: 1025 daAuts
     D:3: 649 daAuts
     D:6: 280 daAuts
     D:4: 199 daAuts
     D:7: 144 daAuts
     D:5: 6 daAuts
